AoeStats
← Dragon

Arena

509193068Analyzed
3v3 RM · 6d ago on Sep 25, 2026· 33m 12s· 6 players
Game mode
Random Map
Map size
Normal (6 player)
Population
200
Speed
Normal
Resources
Standard
Victory
Conquest
Starting age
Dark Age
Ending age
Imperial Age
RankedLock teamsTeams togetherTeam positionsShared explorationLock speedFull tech treeHidden civsTurbo modeCheats
Victory
Defeat
🇦🇷 Spanish · Argentina
1389
+11
🇦🇷 Armenians · Argentina
1355
+12
🇦🇷 Cumans · Argentina
1347
+13
🇩🇪 Varangians · Germany
1292
-13
🇩🇪 Danes · Germany
1283
-12
🇩🇪 Saxons · Germany
1254
-11
siggi-lok
9:39 Loom
12:08 Feudal Age
15:52 Castle Age
22:25 Castle Age
Dragon
10:22 Feudal Age
15:31 Castle Age
19:15 Caravan
20:46 Horse Collar
24:31 Double-Bit Axe
28:47 Bow Saw
Who am I
10:59 Feudal Age
14:51 Castle Age
12:38 Double-Bit Axe
14:35 Arson
16:49 Squires
18:26 Loom
21:47 Horse Collar
23:36 Bow Saw
23:45 Fletching
24:30 Scale Mail Armor
27:03 Gold Mining
27:56 Wheelbarrow
28:14 Forging
29:18 Chain Mail Armor
30:11 Hand Cart
31:15 Iron Casting
31:06 Hamask
32:38 Heavy Plow
[TBArg] kaos_leo
11:05 Feudal Age
14:47 Castle Age
13:25 Double-Bit Axe
13:42 Horse Collar
14:45 Loom
30:16 Imperial Age
28:19 Gold Mining
29:46 Fletching
30:41 Bodkin Arrow
Helado de Diarrea
8:50 Feudal Age
9:38 Double-Bit Axe
15:45 Horse Collar
23:01 Town Watch
23:52 Wheelbarrow
23:03 Loom
24:47 Wheelbarrow
27:20 Castle Age
26:05 Forging
26:44 Wheelbarrow
26:43 Scale Barding Armor
28:26 Chain Barding Armor
28:48 Heavy Plow
29:01 Bow Saw
28:41 Light Cavalry
28:48 Capped Ram
30:27 Bloodlines
32:03 Iron Casting
32:33 Hand Cart
Tocinito del Diablo
9:59 Feudal Age
10:25 Man-at-Arms
11:19 Long Swordsman
15:37 Scale Mail Armor
18:11 Forging
24:11 Castle Age
24:25 Double-Bit Axe
24:23 Horse Collar
24:26 Two-Handed Swordsman
24:52 Gambesons
25:08 Squires
26:03 Gambesons
26:32 Arson
27:18 Gold Mining
31:30 Chain Mail Armor
35:55 Imperial Age
Connection lost

Rejoining the realm…

Still unreachable

The connection could not be restored.

Session expired

The server has moved on; the page needs a fresh start.